 Dungeon Crawl Stone Soup version 0.20-a0-971-g5896763 (webtiles) character file.

50 Gorglomux the Chopper (level 4, -1/33 HPs)
             Began as a Formicid Warper on Apr 8, 2017.
             Slain by a gnoll
             ... wielding a +0 short sword
              (8 damage)
             ... on level 1 of the Dungeon.
             The game lasted 00:02:08 (1808 turns).

Gorglomux the Chopper (Formicid Warper)             Turns: 1808, Time: 00:02:09

Health: -1/33      AC:  3    Str: 16    XL:     4   Next: 4%
Magic:  7/7        EV: 12    Int: 12    God:
Gold:   45         SH:  0    Dex: 11    Spells: 7/7 levels left

rFire    . . .     SeeInvis +   a - +0 hand axe
rCold    . . .     Gourm    .   (no shield)
rNeg     . . .     Faith    .   b - +0 leather armour
rPois    .         Spirit   .   (helmet unavailable)
rElec    .         Reflect  .   (no cloak)
rCorr    .         Harm     .   (no gloves)
MR       .....                  (no boots)
Stlth    +.........             (no amulet)
Regen    0.2/turn               (no ring)
MPRegen  0.1/turn               (no ring)

@: no status effects
A: permanent stasis, dig shafts and tunnels, four strong arms, antennae 3
a: Dig, Shaft Self


You were on level 1 of the Dungeon.
You were not hungry.

You visited 1 branch of the dungeon, and saw 2 of its levels.

You collected 45 gold pieces.

Inventory:

Hand Weapons
 a - a +0 hand axe (weapon)
Missiles
 e - 5 tomahawks of dispersal (quivered)
Armour
 b - a +0 leather armour (worn)
Jewellery
 F - a +3 ring of intelligence {unknown}
Scrolls
 B - a scroll of blinking
 D - a scroll of magic mapping {unknown}
 G - a scroll of enchant weapon {unknown}
 I - a scroll of fog {unknown}
Books
 c - a book of Spatial Translocations

   Spells                             Type                      Level
   a - Blink                          Translocation                2
   b - Shroud of Golubria             Charms/Translocation         2
   c - Lesser Beckoning               Translocation                3
   d - Gell's Gravitas                Translocation                3
   e - Teleport Other                 Translocation                3
   f - Passage of Golubria            Translocation                4
Comestibles
 f - 2 bread rations
 E - a royal jelly


   Skills:
 - Level 2.1 Fighting
 + Level 4.0 Axes
 - Level 1.0 Throwing
 - Level 1.1 Armour
 - Level 1.7 Dodging
 - Level 2.1 Spellcasting
   Level 2.6 Translocations


You had 7 spell levels left.
You didn't know any spells.

Dungeon Overview and Level Annotations

Branches:
Dungeon (2/15)

Altars:


Innate Abilities, Weirdness & Mutations

You cannot be hasted, slowed, berserked, paralysed or teleported.
You can dig through walls and to a lower floor.
Your four strong arms can wield two-handed weapons with a shield.
You have a pair of large antennae on your head. (SInv)


Message History

The floor.
You swing at nothing.
You swing at nothing.
You hit the gnoll but do no damage. The gnoll hits you but does no damage.
You closely miss the gnoll. The gnoll closely misses you.
You hit the gnoll.
The gnoll is lightly wounded.
The gnoll hits you with a short sword!
You barely miss the gnoll.
The gnoll is lightly wounded.
The gnoll hits you with a short sword!
You hit the gnoll but do no damage.
The gnoll is lightly wounded.
The gnoll hits you with a short sword!
* * * LOW HITPOINT WARNING * * *
The gnoll hits you but does no damage.
You hit the gnoll.
The gnoll is heavily wounded.
The gnoll hits you with a short sword!
You die...

#####.##.####.######..#.###.###'#
.....................>......# #..
##.##.##.####.#########..#.## #.#
#.##.##.####.# #..#.# #..
##..........#.#########..#.# #.#
..######.................#.# #.#
### ######.########...#.# #.#
#.########...#.####.#
#...@g...............
#..#######...#..###.#
#.......##.#.#..# #.#
##...........#..###.#
#.####.............# #.#
#.######..##### #.# #.# #.......
#.# #.#######.##### #.........#


You could see a gnoll.

Vanquished Creatures
  An adder (D:2)
  A dart slug (D:1)
  3 leopard geckos
  A ball python (D:2)
  2 giant cockroaches (D:1)
  6 goblins
  2 hobgoblins (D:1)
  3 jackals (D:2)
  4 kobolds
  4 bats
  4 frilled lizards
  3 rats
34 creatures vanquished.

Notes
Turn   | Place    | Note
-------+----------+-------------------------------------------
     0 | D:1      | Gorglomux the Formicid Warper began the quest for the Orb.
     0 | D:1      | Reached XP level 1. HP: 16/16 MP: 3/3
   205 | D:1      | Reached XP level 2. HP: 15/22 MP: 5/5
   362 | D:1      | Reached skill level 3 in Axes
   742 | D:1      | You fall through a shaft!
   800 | D:2      | Reached XP level 3. HP: 22/27 MP: 6/6
  1454 | D:1      | Reached XP level 4. HP: 24/33 MP: 7/7
  1526 | D:1      | Reached skill level 4 in Axes
  1808 | D:1      | Slain by a gnoll

Vault maps used:
D:1:      shiori_arrival_maze

Skill      XL: |  1  2  3  4 |
---------------+-------------+-----
Axes           | 3 4 |  4.0
Fighting       | |  2.1
Throwing       | |  1.0
Armour         | |  1.1
Dodging        | |  1.7
Spellcasting   | |  2.1
Translocations | |  2.6

Action                   |  1- 3 |  4- 6 || total
-------------------------+-------+-------++-------
Melee: Hand axe          |   107 |    10 ||   117
 Abil: Shaft Self        |     1 |       ||     1
  Eat: Chunk             |     2 |     1 ||     3
Armor: Leather armour    |    41 |     1 ||    42
Dodge: Dodged            |    77 |     4 ||    81
